 Dungeon Crawl Stone Soup version 0.30-b1-2-g02819fbbbe (webtiles) character file.

Game seed: 10837329426278537445

912 Alarkh the Grasshopper (level 7, -4/53 HPs)
             Began as a Demonspawn Warper on May 26, 2023.
             Slain by a two-headed ogre
             ... wielding a +0 giant club
              (6 damage)
             ... on level 5 of the Dungeon.
             The game lasted 00:07:58 (4639 turns).

Alarkh the Grasshopper (Demonspawn Warper)          Turns: 4639, Time: 00:07:58

Health: -4/53      AC:  5    Str: 11    XL:     7   Next: 82%
Magic:  12/12      EV: 11    Int: 17    God:
Gold:   103        SH:  0    Dex: 12    Spells: 12/12 levels left

rFire   . . .        c - +7 Throatcutter {drain, coup de grace}
rCold   . . .        (no shield)
rNeg    . . .        h - +0 ring mail
rPois   .            (no helmet)
rElec   .            (cloak unavailable)
rCorr   .            (no gloves)
SInv    .            (no boots)
Will    .....        q - amulet of the acrobat
Stlth   +            (no ring)
HPRegen 0.28/turn    (no ring)
MPRegen 0.13/turn

%: acrobat
@: no status effects
A: weakness stinger 3
a: no special abilities


You were on level 5 of the Dungeon.
You visited 1 branch of the dungeon, and saw 5 of its levels.

You collected 271 gold pieces.
You spent 168 gold pieces at shops.

Inventory:

Hand Weapons
 b - a +0 sling
 c - the +7 Throatcutter (weapon) {drain, coup de grace}
   (You found it on level 3 of the Dungeon)
Missiles
 v - 7 boomerangs of dispersal (quivered)
Armour
 a - a +0 leather armour
 e - a +0 cloak
 h - a +0 ring mail (worn)
Jewellery
 q - an amulet of the acrobat (around neck)
Scrolls
 d - a scroll of blinking
 f - 2 scrolls of teleportation
 g - a scroll of vulnerability
 j - a scroll of fear {unknown}
 l - a scroll of poison
 m - a scroll of immolation {unknown}
 o - a scroll of noise
 r - 2 scrolls of identify
Potions
 i - a potion of mutation
 k - a potion of might
 n - a potion of heal wounds
 p - a potion of curing
 s - 3 potions of magic
 t - a potion of berserk rage {unknown}
 u - a potion of attraction {unknown}


   Skills:
 - Level 3.7 Fighting
 - Level 2.9 Throwing
 - Level 2.8 Armour
 - Level 3.3 Dodging
 + Level 4.0 Unarmed Combat
 - Level 3.4 Spellcasting
 - Level 4.0 Translocations


You had 12 spell levels left.
You didn't know any spells.
Your spell library contained the following spells:

 Spells                   Type           Power      Damage    Failure   Level
 Blink                    Tloc           32%        N/A       11%         2
 Lesser Beckoning         Tloc           32%        N/A       11%         2
 Teleport Other           Tloc           16%        N/A       22%         3
 Vhi's Electric Charge    Tloc/Air       18%        N/A       45%         3
 Manifold Assault         Tloc           16%        N/A       58%         4
 Dazzling Flash           Conj/Hex       4%         N/A       75%         3
 Agony                    Necr           2%         N/A       100%        5
 Silence                  Hex/Air        1%         N/A       100%        5


Dungeon Overview and Level Annotations

Branches:
Dungeon (5/15)
 Temple: D:4-7

Altars:
Dithmenos
Kikubaaqudgha
Nemelex Xobeh

Shops:
D:4 !


Innate Abilities, Weirdness & Mutations

You have a sharp stinger which inflicts weakening toxins.


Message History

No target in view!
No target in view!
No target in view!
No target in view!
No target in view!
No target in view!
No target in view!
HP restored.
r - 2 scrolls of identify (gained 1)
You now have 93 gold pieces (gained 17).
You now have 103 gold pieces (gained 10).
A two-headed ogre is nearby!
A two-headed ogre is nearby!
A two-headed ogre is nearby!
A two-headed ogre is nearby!
You closely miss the two-headed ogre. You tail-slap the two-headed ogre.
The two-headed ogre looks weaker.
The two-headed ogre is lightly wounded.
The two-headed ogre hits you with a +0 giant club!
The two-headed ogre hits you but does no damage.
You barely miss the two-headed ogre.
The two-headed ogre is lightly wounded.
The two-headed ogre hits you with a +0 giant club! x2
You are too injured to fight recklessly!
You are too injured to fight recklessly!
You are too injured to fight recklessly!
You are too injured to fight recklessly!
You are too injured to fight recklessly!
You are too injured to fight recklessly!
You are too injured to fight recklessly!
You are too injured to fight recklessly!
You are too injured to fight recklessly!
You are too injured to fight recklessly!
Okay, then.
You hit the two-headed ogre. You drain the two-headed ogre.
The two-headed ogre is lightly wounded.
The two-headed ogre hits you with a +0 giant club!!
* * * LOW HITPOINT WARNING * * *
The two-headed ogre hits you with a +0 giant club.
You die...

........#...##.##...######..#
...<....#...#........#..#...#
.<)....###................##
...#.).##..###............~#
...#...##.......##........~##
...#............###.....#~~~#
......##.###.#..##......##~~##
#......#.###.#..........###~~#
#.............##@O........#~~#
#......##.....##..........##~#
.......#..###..........)...#~##
##.#.. #..# ...............#~~#
..# #... .#.......).....#~~# .
#.#..........####~~# ."
.....).......#~#~~##
.............#~#~~#
...........#~~~##


You could see a two-headed ogre (weak, drained).

Vanquished Creatures
  Grinder (D:3)
  Prince Ribbit (D:4)
  A black bear (D:5)
  An orc warrior (D:4)
  2 scorpions
  Natasha (thrice) (D:3)
  4 adders
  3 ufetubi
  3 worms
  4 dart slugs
  4 orcs
  4 endoplasms
  4 giant cockroaches
  2 goblins (D:1)
  7 hobgoblins
  A quokka (D:3)
  6 ball pythons
  5 bats
  3 frilled lizards
  7 kobolds
  4 rats
70 creatures vanquished.

Notes
Turn   | Place    | Note
-------+----------+-------------------------------------------
     0 | D:1      | Alarkh the Demonspawn Warper began the quest for the Orb.
     0 | D:1      | Reached XP level 1. HP: 16/16 MP: 3/3
   179 | D:1      | Reached skill level 1 in Throwing
   241 | D:1      | Reached skill level 1 in Armour
   260 | D:1      | Gained mutation: You have a small tail. [demonic ancestry]
   260 | D:1      | Reached XP level 2. HP: 22/22 MP: 5/5
  1103 | D:2      | Reached XP level 3. HP: 25/27 MP: 6/6
  1510 | D:2      | Found a faded altar of an unknown god.
  1565 | D:3      | HP: 1/28 [poisoned by an adder]
  1569 | D:3      | Reached XP level 4. HP: 4/34 MP: 7/7
  1939 | D:3      | Found an ancient bone altar of Kikubaaqudgha.
  1948 | D:3      | Found a sparkling altar of Nemelex Xobeh.
  1969 | D:3      | Noticed Grinder
  2108 | D:3      | Noticed Natasha
  2471 | D:4      | Noticed a scorpion
  2483 | D:4      | Killed a scorpion
  2484 | D:4      | Gained mutation: You have a tail ending in a sharp stinger.
                  | [demonic ancestry]
  2484 | D:4      | Reached XP level 5. HP: 22/39 MP: 8/8
  2708 | D:4      | Found Suoh's Distillery.
  2711 | D:4      | Bought a potion of curing for 36 gold pieces
  2711 | D:4      | Bought a potion of lignification for 36 gold pieces
  2711 | D:4      | Bought a potion of lignification for 36 gold pieces
  2711 | D:4      | Bought a potion of heal wounds for 60 gold pieces
  3449 | D:3      | Killed Natasha
  3479 | D:3      | Killed Grinder
  3480 | D:3      | Gained mutation: You have a sharp stinger which inflicts
                  | weakening toxins. [demonic ancestry]
  3480 | D:3      | Reached XP level 6. HP: 47/47 MP: 8/10
  3493 | D:3      | Found a shadowy altar of Dithmenos.
  3521 | D:3      | Noticed Natasha
  3542 | D:3      | Killed Natasha
  3675 | D:3      | Noticed Natasha
  3895 | D:3      | Killed Natasha
  3929 | D:3      | Found the +7 Throatcutter {drain, coup de grace}
  4129 | D:5      | Entered Level 5 of the Dungeon
  4129 | D:5      | Noticed Prince Ribbit
  4132 | D:5      | Noticed a two-headed ogre
  4137 | D:4      | Killed Prince Ribbit
  4138 | D:4      | Reached XP level 7. HP: 36/52 MP: 11/11
  4639 | D:5      | HP: 2/53 [two-headed ogre/+0 giant club (21)]
  4639 | D:5      | Slain by a two-headed ogre

Illustrated notes

Levels and vault maps discovered:
D:1:      psy_arrival_whirlpool, layout_basic, nicolae_kite_square_tiling_tiny,
          minmay_misc_feat_encased, amcnicky_mini_corridor_feature
D:2:      layout_rooms, hellmonk_ecumenical_altar_leap_of_faith
D:3:      layout_loops_ring, amethyst_overflow_temple_binary,
          gammafunk_temple_overflow_elements, uniq_grinder, uniq_natasha
D:4:      layout_basic, serial_shops, nicolae_shop_behind_doors
D:5:      layout_cave_pools, dreamdust_princess_corridor,
          chequers_serial_rivers_large_b, minmay_manual_mess,
          uniq_blork_the_orc, uniq_prince_ribbit1

Skill      XL: |  1  2  3  4  5  6  7 |
---------------+----------------------+-----
Throwing       | 1 2 |  2.9
Armour         | 1 2 |  2.8
Dodging        | 2 3 |  3.3
Unarmed Combat | 2 3 4 |  4.0
Translocations | 3 4 |  4.0
Fighting       | 3 |  3.7
Spellcasting   | 3 |  3.4

Action                     |  1- 3 |  4- 6 |  7- 9 || total
---------------------------+-------+-------+-------++-------
  Melee: Unarmed           |   146 |   167 |       ||   313
         Tailslap          |    19 |    12 |     1 ||    32
         Punch             |     6 |       |     1 ||     7
         Long sword        |       |     5 |    24 ||    29
   Fire: Sling             |    53 |     7 |       ||    60
    Use: Scroll            |     3 |     5 |     2 ||    10
         Potion            |     6 |     4 |       ||    10
 Armour: Leather armour    |    18 |       |       ||    18
         Ring mail         |    36 |    52 |    23 ||   111
         Skin              |     1 |    17 |       ||    18
  Dodge: Dodged            |    92 |   146 |    51 ||   289
